[Event "Titled Tuesday Blitz November 22 Late 2022"]
[White "Torres Boch, Jose Francisco"]
[Black "Poliakova, Varvara"]
[WhiteFideId "2278383"]
[BlackFideId "13518313"]
[WhiteElo "2073"]
[BlackElo "2099"]
[Result "0-1"]
[Round "11"]
[TimeControl "180+1"]
[Date "2022.11.23"]
[WhiteClock "0:00:17"]
[BlackClock "0:01:34"]

1. e4 e5 2. Nf3 Nc6 3. Bb5 a6 4. Ba4 Nf6 5. O-O Be7 6. Re1 b5 7. Bb3 d6 8. c3 O-O 9. h3 h6 10. d4 Bb7 11. Nbd2 Re8 12. a3 Bf8 13. Bc2 Nb8 14. b3 Nbd7 15. Bb2 c5 16. d5 Nh5 17. c4 Nf4 18. Nf1 Qf6 19. N1h2 Qg6 20. Ng4 h5 21. Nh4 Qg5 22. Nf3 Nxh3+ 23. gxh3 Qg6 24. Nh4 Qg5 25. Nf5 hxg4 26. Bc1 Qd8 27. hxg4 g6 28. Nh6+ Bxh6 29. Bxh6 Qh4 30. Be3 Nf6 31. g5 Ng4 32. Qf3 Kg7 33. Kf1 Nh2+ 0-1


[Site "https://www.chess.com"]

[Event "Titled Tuesday Blitz November 22 Late 2022"]
[White "Torres Dominguez, David"]
[Black "Gerbelli Neto, Eduardo"]
[WhiteFideId "2220857"]
[BlackFideId "2103281"]
[WhiteElo "2037"]
[BlackElo "2178"]
[Result "1-0"]
[Round "11"]
[TimeControl "180+1"]
[Date "2022.11.23"]
[WhiteClock "0:00:59"]
[BlackClock "0:00:13"]

1. e4 e5 2. Bc4 Nf6 3. Nc3 Nxe4 4. Qh5 Nd6 5. Qxe5+ Qe7 6. Qxe7+ Bxe7 7. Be2 Nc6 8. Nd5 Bd8 9. c3 Ne7 10. Ne3 Ndf5 11. d4 Nxe3 12. fxe3 d5 13. Nf3 O-O 14. O-O Nf5 15. e4 dxe4 16. Ng5 Nd6 17. Bf4 Bxg5 18. Bxg5 f6 19. Bf4 Be6 20. a3 Rfe8 21. Rfe1 Rac8 22. Bxd6 cxd6 23. Bb5 Red8 24. Rxe4 Bf7 25. Rae1 a6 26. Bd3 Re8 27. Re7 h6 28. Kf2 Rb8 29. Rd7 Rxe1 30. Kxe1 Kf8 31. Rxd6 Ke7 32. Rb6 Kd7 33. a4 Kc7 34. a5 Re8+ 35. Kd2 Bd5 36. g3 Bf3 37. c4 h5 38. d5 Re5 39. d6+ Kc8 40. b4 h4 41. b5 hxg3 42. hxg3 axb5 43. cxb5 Rd5 44. Ke3 Bg2 45. a6 bxa6 46. bxa6 Kd7 47. a7 Rxd6 48. Rxd6+ Kxd6 49. Be4 1-0


[Site "https://www.chess.com"]

[Event "Titled Tuesday Blitz November 22 Late 2022"]
[White "Vlassov, Nikolai"]
[Black "Goroshkov, Maksym"]
[WhiteFideId "4103360"]
[BlackFideId "14142716"]
[WhiteElo "2324"]
[BlackElo "2257"]
[Result "0-1"]
[Round "11"]
[TimeControl "180+1"]
[Date "2022.11.23"]
[WhiteClock "0:00:05"]
[BlackClock "0:00:19"]

1. e4 e5 2. Bc4 Nf6 3. d3 Nc6 4. Nf3 Be7 5. O-O O-O 6. Re1 d5 7. exd5 Nxd5 8. Nxe5 Nxe5 9. Rxe5 Nf6 10. Nc3 Bd6 11. Re1 Ng4 12. g3 Nxh2 13. Qh5 Ng4 14. Bg5 Qd7 15. Ne4 Ne5 16. Nxd6 cxd6 17. Bd5 Qg4 18. Qxg4 Bxg4 19. Kg2 h6 20. Be7 Rfe8 21. Bxd6 Nc6 22. Bf4 Rad8 23. Bxc6 bxc6 24. f3 Be6 25. b3 Bd5 26. Kf2 a6 27. a4 f5 28. Re5 g5 29. Rxe8+ Rxe8 30. Be3 Kf7 31. c4 Be6 32. b4 Rd8 33. Ke2 g4 34. fxg4 fxg4 35. Bxh6 Bf5 36. Ra3 Rh8 37. Bf4 Rh2+ 38. Ke3 Rb2 39. Bd6 Ke6 40. Bf8 Rg2 41. Kf4 Rf2+ 42. Kg5 Rf3 43. b5 cxb5 44. axb5 axb5 45. cxb5 Bxd3 46. b6 Be4 47. Ra4 Rf5+ 48. Kxg4 Bf3+ 49. Kh3 Rxf8 50. Rf4 Rh8+ 51. Rh4 Rb8 52. g4 Ke5 53. Rh6 Be4 54. Kh4 Ra8 55. g5 Ra1 56. Rf6 Rh1+ 57. Kg4 Bd5 58. Rf2 Be6+ 59. Kg3 Rb1 60. Re2+ Kf5 61. g6 Rxb6 62. g7 Rb8 63. Rf2+ Kg6 64. Rf8 Rb3+ 65. Kf4 Kxg7 66. Ra8 Kf6 67. Ra6 Rb4+ 68. Ke3 Ke5 69. Ra5+ Bd5 70. Ra3 Rh4 71. Rc3 Rh3+ 72. Kd2 Rh2+ 73. Ke3 Rg2 74. Rd3 Bc4 75. Rc3 Kd5 76. Rc1 Rg3+ 77. Kf4 Ra3 78. Rd1+ Bd3 79. Ke3 Kc4 80. Rc1+ Kb4 81. Kd4 Bg6 82. Rc4+ Kb5 83. Rc5+ Kb6 84. Rg5 Be8 85. Re5 Bc6 86. Re6 Ra4+ 87. Ke5 Kc5 88. Rf6 Re4+ 89. Kf5 Bd5 90. Rf8 Kd4 91. Rd8 Re1 0-1


[Site "https://www.chess.com"]

[Event "Titled Tuesday Blitz November 22 Late 2022"]
[White "Weetik, Vjacheslav"]
[Black "Ibarra Jerez, Jose Carlos"]
[WhiteFideId "4153472"]
[BlackFideId "2226332"]
[WhiteElo "2469"]
[BlackElo "2638"]
[Result "0-1"]
[Round "11"]
[TimeControl "180+1"]
[Date "2022.11.23"]
[WhiteClock "0:00:01"]
[BlackClock "0:00:43"]

1. e4 c5 2. Nf3 Nc6 3. Bb5 e6 4. O-O Nge7 5. Re1 Nd4 6. Nxd4 cxd4 7. c3 a6 8. Bf1 Nc6 9. Na3 Bc5 10. Nc2 Qf6 11. e5 Qg6 12. b4 Ba7 13. Bb2 dxc3 14. Bxc3 O-O 15. d4 Ne7 16. Bd3 f5 17. Ne3 b5 18. Be2 f4 19. Bd3 fxe3 20. Rxe3 Nf5 21. Rh3 Qf7 22. Qg4 Bb7 23. Rd1 Rac8 24. Bb2 g6 25. d5 Bxd5 26. Qg5 Qe7 27. Kh1 Qxg5 0-1


[Site "https://www.chess.com"]

[Event "Titled Tuesday Blitz November 22 Late 2022"]
[White "Wirig, Anthony"]
[Black "Mgeladze, Tamaz"]
[WhiteFideId "615013"]
[BlackFideId "13601202"]
[WhiteElo "2487"]
[BlackElo "2288"]
[Result "1-0"]
[Round "11"]
[TimeControl "180+1"]
[Date "2022.11.23"]
[WhiteClock "0:00:05"]
[BlackClock "0:00:06"]

1. c4 c5 2. g3 Nc6 3. Bg2 g6 4. Nc3 Bg7 5. d3 Nf6 6. Bf4 h6 7. Nf3 O-O 8. O-O d6 9. Rb1 a6 10. a3 Rb8 11. b4 cxb4 12. axb4 b5 13. c5 e5 14. Bd2 d5 15. e3 d4 16. exd4 exd4 17. Ne4 Nd5 18. Qc1 Kh7 19. Re1 Bf5 20. Nh4 Be6 21. Nd6 Ne5 22. Rb3 Nc3 23. Bxc3 Bxb3 24. Rxe5 Bxe5 25. Bd2 Bxd6 26. cxd6 Qxd6 27. Bf4 Qxb4 28. Bxb8 Rxb8 29. Be4 Re8 30. Qc6 Re6 31. Qb7 Qe7 32. Qa8 a5 33. Nf3 Qe8 34. Qb7 Rxe4 35. dxe4 d3 36. h4 a4 37. h5 gxh5 38. e5 Bc4 39. Qe4+ Kg7 40. Qf4 Qe6 41. Nh4 d2 42. Qxd2 Qd5 43. Qf4 Qd1+ 44. Kh2 Qd5 45. Nf5+ Kg6 46. Ne7+ Kh7 47. Nxd5 Bxd5 48. Qf5+ Kg7 49. Qd3 Be6 50. Qxb5 a3 51. Qa5 a2 52. Qa3 h4 53. f4 hxg3+ 54. Kxg3 Kg6 55. Kf3 h5 56. Qd3+ Bf5 57. Qf1 Bb1 58. Qa6+ Kg7 59. f5 h4 60. Kg4 h3 61. Kxh3 Bxf5+ 62. Kh4 Be6 63. Kg5 Kh7 64. Qa7 Kg7 65. Qa8 Kh7 66. Kf6 Bd5 67. Qf8 a1=Q 68. Qg7# 1-0


[Site "https://www.chess.com"]

[Event "Titled Tuesday Blitz November 22 Late 2022"]
[White "Yuan, Qingyu"]
[Black "Lashkin, Jegor"]
[WhiteFideId "8609772"]
[BlackFideId "13907808"]
[WhiteElo "2359"]
[BlackElo "2368"]
[Result "1-0"]
[Round "11"]
[TimeControl "180+1"]
[Date "2022.11.23"]
[WhiteClock "0:00:07"]
[BlackClock "0:00:03"]

1. e4 c5 2. Nf3 d6 3. d4 cxd4 4. Nxd4 Nf6 5. Nc3 a6 6. Rg1 e5 7. Nb3 h5 8. Be3 Be6 9. Qd2 Nbd7 10. O-O-O Rc8 11. f4 b5 12. f5 Bc4 13. Kb1 Qc7 14. Bd3 Be7 15. h3 b4 16. Nd5 Nxd5 17. exd5 Bxd3 18. Qxd3 a5 19. g4 hxg4 20. hxg4 a4 21. Nd2 a3 22. Ne4 Rh3 23. Rg3 Rh2 24. Rd2 Rh1+ 25. Rg1 Rh3 26. Rg3 Rxg3 27. Nxg3 Nf6 28. g5 Ng4 29. f6 gxf6 30. g6 Bf8 31. Qb5+ Qd7 32. gxf7+ Ke7 33. Qd3 Nxe3 34. Qxe3 Qg4 35. Qa7+ Kd8 36. Qf2 Ke7 37. Qa7+ Kd8 38. Qf2 Rc4 39. Rd3 Kc8 40. bxa3 Rf4 41. Qb6 Qd7 42. axb4 Qc7 43. Qa6+ Kd8 44. a3 Ke7 45. Kb2 Kxf7 46. Rc3 Qd7 47. Qb6 Kg6 48. Rc7 Qg4 49. Rc3 Bh6 50. Qxd6 Bg7 51. Qe6 Qxe6 52. dxe6 Rd4 53. Rc7 Rd8 54. Ne4 Kf5 55. e7 Ra8 56. Nd6+ Kf4 57. e8=Q Rxe8 58. Nxe8 Bh8 59. Rh7 1-0


[Site "https://www.chess.com"]

[Event "Titled Tuesday Blitz November 22 Late 2022"]
[White "Yurovskykh, Oleksandr"]
[Black "Rubio Tent, Francisco"]
[WhiteFideId "14134020"]
[BlackFideId "2238233"]
[WhiteElo "2265"]
[BlackElo "2211"]
[Result "0-1"]
[Round "11"]
[TimeControl "180+1"]
[Date "2022.11.23"]
[WhiteClock "0:00:37"]
[BlackClock "0:00:09"]

1. f3 e5 2. Kf2 d5 3. e3 f5 4. d4 e4 5. f4 Nf6 6. h3 c5 7. Ne2 Nc6 8. c3 b6 9. Nd2 Be7 10. b3 Ba6 11. Bb2 O-O 12. c4 dxc4 13. Nxc4 Nd5 14. dxc5 Bxc5 15. Nc3 Nxf4 16. Qxd8 Raxd8 17. g3 Nd3+ 18. Bxd3 Rxd3 19. Rhd1 Bxc4 20. bxc4 Rxe3 21. Kg2 Bd4 22. Rac1 Be5 23. Kf2 Rf3+ 24. Ke2 Nd4+ 25. Kd2 Rd3+ 26. Ke1 Bxg3+ 27. Kf1 Rf3+ 28. Kg2 Ne6 29. Rc2 Nf4+ 30. Kh1 Nxh3 31. Nd5 Nf2+ 32. Rxf2 Rxf2 33. Bd4 Rh2+ 34. Kg1 Rxa2 35. Rf1 f4 36. Ne7+ Kh8 37. c5 bxc5 38. Bxc5 Rd8 39. Rb1 f3 40. Nf5 Bh2+ 41. Kh1 Bf4 42. Bd4 Rh2+ 43. Kg1 Rg2+ 44. Kh1 h6 45. Rb7 Rxd4 46. Nxd4 Rd2 47. Nf5 Rd1# 0-1


[Site "https://www.chess.com"]

[Event "Titled Tuesday Blitz November 22 Late 2022"]
[White "Zhigalko, Sergei"]
[Black "Rosen, Eric"]
[WhiteFideId "13502956"]
[BlackFideId "2032562"]
[WhiteElo "2662"]
[BlackElo "2362"]
[Result "1-0"]
[Round "11"]
[TimeControl "180+1"]
[Date "2022.11.23"]
[WhiteClock "0:00:11"]
[BlackClock "0:00:02"]

1. e4 c5 2. Nf3 d6 3. d4 Nf6 4. Nc3 cxd4 5. Qxd4 g6 6. e5 Nc6 7. Bb5 Nh5 8. exd6 Bg7 9. Qc5 Qxd6 10. Qxd6 exd6 11. Be3 a6 12. Ba4 b5 13. Bb3 Be6 14. O-O-O O-O-O 15. Nd5 Kb7 16. Ng5 Na5 17. Rhe1 Nxb3+ 18. axb3 Rhe8 19. Nf4 Nxf4 20. Bxf4 Kc6 21. Re3 h6 22. Nf3 g5 23. Bg3 f5 24. Rde1 Bf7 25. Rxe8 Rxe8 26. Rxe8 Bxe8 27. h4 f4 28. Bh2 Bf6 29. hxg5 hxg5 30. Ne1 a5 31. f3 Bd4 32. c3 Be3+ 33. Kd1 Bf7 34. b4 Bb3+ 35. Ke2 Bc1 36. Nd3 Bc4 37. bxa5 Bxb2 38. Kd2 Ba3 39. Bg1 d5 40. a6 Bd6 41. Bd4 b4 42. a7 Kb7 43. Nxb4 Bxb4 44. cxb4 Bf1 45. Ke1 Bxg2 46. Kf2 Bh3 47. b5 Bd7 48. b6 Bc6 49. Bc5 Ka6 50. Kg2 Kb5 51. Bd4 Ka6 52. Kh3 Bd7+ 53. Kg2 Bc6 54. Kf2 Kb5 55. Ke2 Bb7 56. Kd3 Kc6 57. Bg1 Ba6+ 58. Kd4 Bb7 59. Ke5 Kb5 60. Kf5 d4 61. Bxd4 Bxf3 62. Kxg5 Bb7 63. Kxf4 Kc6 64. Ke5 Ba8 65. Ke6 Bb7 66. Ke7 Ba8 67. Kd8 Kb7 68. Kd7 Ka6 69. Kc7 Bb7 70. Kb8 Bc6 71. a8=Q+ Bxa8 72. Kxa8 Kb5 73. b7 Kc4 74. b8=Q Kd3 75. Ba7 Ke4 76. Qd6 Kf3 77. Qd4 Ke2 78. Qe3+ Kd1 79. Qf2 Kc1 80. Kb7 1-0